 Dungeon Crawl Stone Soup version 0.17-a0-377-gdd46233 (webtiles) character file.

38 Ryushun the Grave Robber (level 3, 0/25 HPs)
             Began as a Formicid Necromancer on Apr 1, 2015.
             Succumbed to an adder's poison
             ... on level 2 of the Dungeon.
             The game lasted 00:07:22 (1272 turns).

Ryushun the Grave Robber (Formicid Necromancer)     Turns: 1272, Time: 00:07:23

Health: 0/25       AC:  3    Str: 13    XL:     3   Next: 65%
Magic:  8/14       EV: 12    Int: 14    God:
Gold:   19         SH:  0    Dex: 11    Spells: 3 memorised, 2 levels left

rFire  . . .     SeeInvis +     g - +0 short sword (curse)
rCold  . . .     Clarity  .     a - +0 robe
rNeg   . . .     SustAb   .     (no shield)
rPois  .         Gourm    .     (helmet unavailable)
rElec  .         Spirit   .     (no cloak)
rCorr  .         Warding  .     (no gloves)
rMut   .         Stasis   +     (no boots)
MR     .....                    (no amulet)
Stlth  ++........               e - +1 ring of protection
                                f - ring of magical power

@: lethally poisoned (0 -> -5), not resistant to hostile enchantments,
unstealthy
A: permanent stasis, dig shafts and tunnels, four strong arms, antennae 3
a: Dig, Shaft Self


You were on level 2 of the Dungeon.
You were full.

You visited 1 branch of the dungeon, and saw 2 of its levels.

You collected 19 gold pieces.

Inventory:

Hand weapons
 g - a cursed +0 short sword (weapon)
 k - a +0 club
 l - a +0 dagger
 m - a +0 club
 n - a +0 dagger
 o - a +0 dagger
 t - a +0 club
 u - a +0 short sword
Missiles
 j - 3 silver tomahawks (quivered)
 p - 21 bolts
 q - 15 poisoned needles
 r - 15 stones
 s - 11 arrows of flame
Armour
 a - a +0 robe (worn)
Jewellery
 e - a +1 ring of protection (right hand)
 f - a ring of magical power (left hand)
Books
 b - a book of Necromancy

   Spells                             Type                      Level
   a - Pain                           Necromancy                   1
   b - Animate Skeleton               Necromancy                   1
   c - Vampiric Draining              Necromancy                   3
   d - Regeneration                   Charms/Necromancy            3
   e - Animate Dead                   Necromancy                   4
   f - Control Undead                 Necromancy                   4
Comestibles
 c - a bread ration
 i - a chunk of flesh


   Skills:
 * Level 0.9 Fighting
 * Level 0.4 Short Blades
 * Level 0.4 Armour
 * Level 2.0 Dodging
 * Level 2.7 Stealth
 * Level 0.2 Unarmed Combat
 * Level 2.5 Spellcasting
 + Level 4.3 Necromancy


You had 2 spell levels left.
You knew the following spells:

 Your Spells              Type           Power        Failure   Level  Hunger
a - Pain                  Necr           ##..         3%          1    #......
b - Animate Skeleton      Necr           N/A          3%          1    #......
c - Vampiric Draining     Necr           ##........   12%         3    ###....


Dungeon Overview and Level Annotations

Branches:
Dungeon (2/15)

Altars:


Innate Abilities, Weirdness & Mutations

You are under a permanent stasis effect.
You can dig through walls and to a lower floor.
Your four strong arms can wield two-handed weapons with a shield.
You have a pair of large antennae on your head (SInv).


Message History

* * * LOW HITPOINT WARNING * * *
You feel sick.
e - a +1 ring of protection (right hand)
* * * LOW HITPOINT WARNING * * *
You feel sick.
You see here an adder corpse.
Casting: Vampiric Draining
Confirm with . or Enter, or press ? or * to list all spells.
You attempt to give life to the dead...
Before your eyes, flesh is ripped from the corpse!
The dead are slithering!
You see here a chunk of flesh.
* * * LOW HITPOINT WARNING * * *
You feel sick.
You see here a chunk of flesh.
Eat which item? (? for menu, Esc to quit)
Mmm...
Pepperoni.
As you read the scroll of random uselessness, it crumbles to dust.
Your brain hurts!
You die...

#.# #.#
#.# ####.#
..#.##
#....###
#......
#...#
##@##
##.ZZ###.#
#.....##.#
##....##.#
##.#.##.#
###.##.#
#.##.#
#.##.#
#.##.#


You could see 2 friendly adder skeletons.

Vanquished Creatures
  2 adders (D:2)
  2 giant geckos (D:1)
  A bat (D:1)
  2 hobgoblins (D:1)
  2 kobolds (D:1)
  A ball python (D:1)
  3 giant newts (D:1)
  2 goblins (D:1)
  3 rats (D:1)
18 creatures vanquished.

Vanquished Creatures (collateral kills)
  An ooze (D:1)
  A giant cockroach (D:1)
  A goblin (D:2)
3 creatures vanquished.

Vanquished Creatures (others)
  A hobgoblin skeleton (D:1)
  A kobold skeleton (D:1)
2 creatures vanquished.

Grand Total: 23 creatures vanquished

Notes
Turn   | Place    | Note
--------------------------------------------------------------
     0 | D:1      | Ryushun, the Formicid Necromancer, began the quest for the Orb.
     0 | D:1      | Reached XP level 1. HP: 13/13 MP: 3/3
     2 | D:1      | Learned a level 1 spell: Animate Skeleton
   325 | D:1      | Reached XP level 2. HP: 16/19 MP: 1/4
  1053 | D:2      | Reached XP level 3. HP: 12/25 MP: 5/5
  1227 | D:2      | Learned a level 3 spell: Vampiric Draining
  1269 | D:2      | HP: 1/25 [poisoned by an adder]
  1272 | D:2      | Succumbed to an adder's poison

Action                   || total
-------------------------++-------
Melee: Short sword       ||    17
 Cast: Pain              ||    31
       Animate Skeleton  ||    12
       Vampiric Draining ||     1
  Use: Scroll            ||     4
  Eat: Meat ration       ||     1
       Pizza             ||     1
